General information
			
			
        
        - name: 1v1 Obs from 0bs w/ <15
 
        - type: Custom game
 
        - host: ElectricCoolAid
 
        - saver: TIMG4STRok
 
        
map: TurtleRock 
        - players: 12
 
        - length: 25:53
 
        - speed: Fast
 - version: 1.22 W3XP
 - replay type:  

 
» download(118 KB)
Players
        team 1 (winner) 
              
              
TIMG4STRok (
gray | 177 APM | 4574 actions | 25:53)
              
 5 Blademaster 
 2 Wind Walk
 3 Critical Strike
 4 Shadow Hunter 
 2 Hex
 2 Healing Wave
 
                » actions 
                
                | Assign group hotkey | 41 |  | 
| Basic commands | 83 |  | 
| Build / train | 87 |  | 
| ESC pressed | 6 |  | 
| Enter build submenu | 21 |  | 
| Enter hero's abilities submenu | 10 |  | 
| Give item / drop item | 9 |  | 
| Right click | 2227 |  | 
| Select / deselect | 503 |  | 
| Select group hotkey | 1387 |  | 
| Use ability | 200 |  | 
                4574 total
 » units 
                
                | Peon | 9 |  | 
| Grunt | 13 |  | 
| Raider | 15 |  | 
| Spirit Walker | 5 |  | 
| Kodo Beast | 1 |  | 
                43 total
 » upgrades
                
                | Berserker Strength | 1 |  | 
| Spirit Walker Training | 1 |  | 
| Ensnare | 1 |  | 
| Pillage | 1 |  | 
                4 total
 » buildings
                
                | Altar of Storms | 1 |  | 
| Orc Burrow | 4 |  | 
| Barracks | 1 |  | 
| Voodoo Lounge | 6 |  | 
| Stronghold | 1 |  | 
| Spirit Lodge | 2 |  | 
| Beastiary | 1 |  | 
| War Mill | 1 |  | 
| Watch Tower | 1 |  | 
                18 total
 » build order
                00:05 Altar of Storms
00:21 Orc Burrow
00:46 Barracks
01:37 Orc Burrow
02:08 Voodoo Lounge
02:35 Voodoo Lounge
03:11 Stronghold
03:23 Voodoo Lounge
04:01 Voodoo Lounge
04:30 Voodoo Lounge
04:45 Orc Burrow
05:10 Voodoo Lounge
06:07 Spirit Lodge
06:10 Beastiary
08:05 Orc Burrow
08:30 War Mill
16:06 Spirit Lodge
17:54 Watch Tower
» items
                
                | Healing Salve | 7 |  | 
| Lesser Clarity Potion | 10 |  | 
| Dust of Appearance | 1 |  | 
| Boots of Speed | 1 |  | 
| Scroll of Speed | 1 |  | 
| Circlet of Nobility | 1 |  | 
| Potion of Invisibility | 1 |  | 
| Potion of Healing | 2 |  | 
| Potion of Mana | 2 |  | 
                26 total
  
               team 2 (loser) 
              
              
Arc (
purple | 134 APM | 3460 actions | 25:52)
              
 5 Blademaster 
 2 Wind Walk
 3 Critical Strike
 3 Shadow Hunter 
 1 Hex
 2 Healing Wave
 
                » actions 
                
                | Assign group hotkey | 75 |  | 
| Basic commands | 41 |  | 
| Build / train | 97 |  | 
| Enter build submenu | 18 |  | 
| Enter hero's abilities submenu | 8 |  | 
| Give item / drop item | 5 |  | 
| Right click | 1910 |  | 
| Select / deselect | 632 |  | 
| Select group hotkey | 412 |  | 
| Use ability | 262 |  | 
                3460 total
 » units 
                
                | Peon | 8 |  | 
| Grunt | 10 |  | 
| Spirit Walker | 4 |  | 
| Raider | 8 |  | 
                30 total
 » upgrades
                
                | Berserker Strength | 1 |  | 
| Spirit Walker Training | 1 |  | 
| Ensnare | 1 |  | 
                3 total
 » buildings
                
                | Altar of Storms | 2 |  | 
| Orc Burrow | 5 |  | 
| Barracks | 1 |  | 
| Voodoo Lounge | 1 |  | 
| Stronghold | 1 |  | 
| Beastiary | 2 |  | 
| Spirit Lodge | 1 |  | 
| War Mill | 1 |  | 
| Watch Tower | 4 |  | 
                18 total
 » build order
                00:02 Altar of Storms
00:06 Altar of Storms
00:18 Orc Burrow
00:36 Barracks
01:38 Orc Burrow
01:55 Voodoo Lounge
03:08 Stronghold
03:50 Orc Burrow
06:08 Beastiary
06:09 Spirit Lodge
06:24 Beastiary
06:56 Orc Burrow
06:58 War Mill
11:14 Orc Burrow
16:34 Watch Tower
16:35 Watch Tower
19:26 Watch Tower
21:24 Watch Tower
» items
                
                | Healing Salve | 11 |  | 
| Lesser Clarity Potion | 12 |  | 
| Scroll of Speed | 8 |  | 
| Boots of Speed | 1 |  | 
| Potion of Lesser Invulnerability | 1 |  | 
| Scroll of Town Portal | 1 |  | 
| Potion of Healing | 6 |  | 
| Potion of Mana | 1 |  | 
                41 total
  
               observersElectricCoolAid, 
Cpt_Brannigan, 
x[Link]x, 
b1acksheep, 
enricuyo, 
DruidofPain, 
Psilocibyn, 
rgt]phil, 
LaGGingLoL, 
HeAvY.MeTaL Chat log
          (00:08 / All) TIMG4STRok: gg gl
(00:13 / All) Arc: glk
(04:59 / All) TIMG4STRok: gay
(12:21 / All) TIMG4STRok: damn that was a regular invulnerability wasnt it
(12:32 / All) Arc: i think your hacking --_
(12:32 / All) TIMG4STRok: fg
(12:36 / All) TIMG4STRok: lmao
(12:50 / All) TIMG4STRok: yeah i hack, because this map is new and i have no idea where people creep
(25:51 / All) Arc: gg hacker